TOP OF THE 1ST |
Riverside Red Bulls batting - Pitching for Casper Ghosts : LHP Ron Huggins
|
Pitching: LHP Ron Huggins
|
|
Batting: RHB Fernando Bórquez
|
0-0: Ball 1-0: Ball 2-0: SINGLE (Groundball, 56D)
|
Batting: RHB Lakota O'Reilly
|
0-0: Fly out, F4 (Popup, 3D)
|
Batting: RHB Brandon Pope
|
0-0: Ball 1-0: Foul Ball, location: 2F Pickoff Throw to First - Out! 1-1: Swinging Strike 1-2: Foul Ball, location: 2F 1-2: Foul Ball, location: 2F 1-2: Fly out, F8 (Flyball, 8RD)
|
Top of the 1st over - 0 run(s), 1 hit(s), 0 error(s), 0 left on base; Riverside 0 - Casper 0 |
BOTTOM OF THE 1ST |
Casper Ghosts batting - Pitching for Riverside Red Bulls : RHP Shawn Montoya
|
Pitching: RHP Shawn Montoya
|
|
Batting: SHB Ricardo Arévalo
|
0-0: Ball 1-0: Ball 2-0: Ball 3-0: Base on Balls
|
Batting: RHB Júlio Sánchez
|
0-0: Called Strike 0-1: Foul Ball, location: 2F 0-2: Foul Ball, location: 2F 0-2: Strikes out swinging
|
Batting: SHB Dave Henley
|
0-0: Ground out 3-1 (Groundball, 3) Ricardo Arévalo to second
|
Batting: RHB Juan García
|
0-0: Foul Ball, location: 2F 0-1: Foul Ball, location: 2F 0-2: Ball 1-2: Hit by Pitch
|
Batting: RHB Troy Reed
|
0-0: Foul Ball, location: 2F 0-1: Ball 1-1: Ball 2-1: Called Strike 2-2: Foul Ball, location: 2F 2-2: Strikes out swinging
|
Bottom of the 1st over - 0 run(s), 0 hit(s), 0 error(s), 2 left on base; Riverside 0 - Casper 0 |
TOP OF THE 2ND |
Riverside Red Bulls batting - Pitching for Casper Ghosts : LHP Ron Huggins
|
Batting: RHB Luis Flores
|
0-0: Fly out, F7 (Line Drive, 7)
|
Batting: RHB Glenn Broadwater
|
0-0: Ball 1-0: Ball 2-0: Fly out, F9 (Flyball, 9LSF)
|
Batting: LHB William Wolf
|
0-0: Ball 1-0: Foul Ball, location: 2F 1-1: Ground out 1-3 (Groundball, 15S)
|
Top of the 2nd over - 0 run(s), 0 hit(s), 0 error(s), 0 left on base; Riverside 0 - Casper 0 |
BOTTOM OF THE 2ND |
Casper Ghosts batting - Pitching for Riverside Red Bulls : RHP Shawn Montoya
|
Batting: RHB Robert Acosta
|
0-0: Ground out 6-3 (Groundball, 6)
|
Batting: RHB Mark Arnold
|
0-0: Called Strike 0-1: Foul Ball, location: 2F 0-2: Ball 1-2: Ground out 6-3 (Groundball, 6)
|
Batting: RHB Aurelio Cruz
|
0-0: Ball 1-0: Called Strike 1-1: Ball 2-1: Ball 3-1: DOUBLE (Line Drive, 78M)
|
Batting: RHB Hunter Plunket
|
0-0: Ball 1-0: Ball 2-0: Ball 3-0: Called Strike 3-1: Swinging Strike 3-2: Fly out, F7 (Flyball, 78M)
|
Bottom of the 2nd over - 0 run(s), 1 hit(s), 0 error(s), 1 left on base; Riverside 0 - Casper 0 |
TOP OF THE 3RD |
Riverside Red Bulls batting - Pitching for Casper Ghosts : LHP Ron Huggins
|
Batting: RHB Luis Bustamante
|
0-0: Fly out, F7 (Flyball, 7)
|
Batting: LHB José Arce
|
0-0: Ball 1-0: Swinging Strike 1-1: Ball 2-1: Foul Ball, location: 2F 2-2: Ball 3-2: Strikes out swinging
|
Batting: RHB Adam Davis
|
0-0: Ball 1-0: Swinging Strike 1-1: Called Strike 1-2: Strikes out swinging
|
Top of the 3rd over - 0 run(s), 0 hit(s), 0 error(s), 0 left on base; Riverside 0 - Casper 0 |
BOTTOM OF THE 3RD |
Casper Ghosts batting - Pitching for Riverside Red Bulls : RHP Shawn Montoya
|
Batting: SHB Ricardo Arévalo
|
0-0: Foul Ball, location: 2F 0-1: Ball 1-1: Fly out, F7 (Flyball, 78M)
|
Batting: RHB Júlio Sánchez
|
0-0: Fly out, F3 (Line Drive, 34)
|
Batting: SHB Dave Henley
|
0-0: Ball 1-0: Fly out, F9 (Line Drive, 9)
|
Bottom of the 3rd over - 0 run(s), 0 hit(s), 0 error(s), 0 left on base; Riverside 0 - Casper 0 |
TOP OF THE 4TH |
Riverside Red Bulls batting - Pitching for Casper Ghosts : LHP Ron Huggins
|
Batting: RHB Fernando Bórquez
|
0-0: Called Strike 0-1: Ball 1-1: Bunt for hit - play at first, batter safe!
|
Batting: RHB Lakota O'Reilly
|
0-0: Called Strike Pickoff Throw to First - Error! E1 Fernando Bórquez to second 0-1: Ball 1-1: Ball 2-1: 2-RUN HOME RUN (Flyball, 8LXD), Distance : 440 ft
|
Batting: RHB Brandon Pope
|
0-0: Reached on error, E4 (Groundball, 4)
|
Batting: RHB Luis Flores
|
0-0: Ball 1-0: SINGLE (Groundball, 5D) Brandon Pope to second
|
Batting: RHB Glenn Broadwater
|
0-0: Ball 1-0: Ball 2-0: Ball 3-0: Called Strike 3-1: Reached via error on a dropped throw, E6 Brandon Pope to third Luis Flores to second
|
Batting: LHB William Wolf
|
0-0: Fly out, F7 (Flyball, 7S)
|
Batting: RHB Luis Bustamante
|
0-0: Ball 1-0: Called Strike 1-1: Swinging Strike 1-2: Ball 2-2: Foul Ball, location: 2F 2-2: SINGLE (Groundball, 4D) Brandon Pope scores Luis Flores to third Glenn Broadwater to second Runner from 3rd tries for Home, throw and OUT!
|
Batting: LHB José Arce
|
0-0: Foul Ball, location: 2F 0-1: Ball 1-1: Called Strike 1-2: 3-RUN HOME RUN (Flyball, 89XD), Distance : 421 ft
|
Batting: RHB Adam Davis
|
0-0: Ball 1-0: Called Strike 1-1: Called Strike 1-2: Strikes out looking
|
Top of the 4th over - 6 run(s), 5 hit(s), 3 error(s), 0 left on base; Riverside 6 - Casper 0 |
BOTTOM OF THE 4TH |
Casper Ghosts batting - Pitching for Riverside Red Bulls : RHP Shawn Montoya
|
Batting: RHB Juan García
|
0-0: Called Strike 0-1: Ground out 6-3 (Groundball, 6S)
|
Batting: RHB Troy Reed
|
0-0: SOLO HOME RUN (Flyball, 7D), Distance : 382 ft
|
Batting: RHB Robert Acosta
|
0-0: Ground out 1-3 (Groundball, P)
|
Batting: RHB Mark Arnold
|
0-0: Ball 1-0: Ground out 4-3 (Groundball, 4)
|
Bottom of the 4th over - 1 run(s), 1 hit(s), 0 error(s), 0 left on base; Riverside 6 - Casper 1 |
TOP OF THE 5TH |
Riverside Red Bulls batting - Pitching for Casper Ghosts : LHP Ron Huggins
|
Batting: RHB Fernando Bórquez
|
0-0: Fly out, F9 (Flyball, 89M)
|
Batting: RHB Lakota O'Reilly
|
0-0: Ground out 1-3 (Groundball, 13)
|
Batting: RHB Brandon Pope
|
0-0: Fly out, F8 (Flyball, 8LD)
|
Top of the 5th over - 0 run(s), 0 hit(s), 0 error(s), 0 left on base; Riverside 6 - Casper 1 |
BOTTOM OF THE 5TH |
Casper Ghosts batting - Pitching for Riverside Red Bulls : RHP Shawn Montoya
|
Batting: RHB Aurelio Cruz
|
0-0: Ball 1-0: Reached on error, E3 (Groundball, 34)
|
Batting: RHB Hunter Plunket
|
0-0: Ball 1-0: Foul Ball, location: 2F 1-1: Called Strike 1-2: Ball 2-2: SINGLE (Groundball, 34D) Aurelio Cruz to second Runner from 2nd tries for 3rd, SAFE, throw made to third Hunter Plunket to second
|
Batting: SHB Ricardo Arévalo
|
0-0: Called Strike 0-1: Ball 1-1: Ball 2-1: Ball 3-1: Called Strike 3-2: Base on Balls
|
Batting: RHB Júlio Sánchez
|
0-0: Ball 1-0: Grounds into double play, 4-6-3 (Groundball, 34) Aurelio Cruz scores Hunter Plunket to third
|
Batting: SHB Dave Henley
|
0-0: Ball 1-0: Called Strike 1-1: Fly out, F7 (Flyball, 7LS)
|
Bottom of the 5th over - 1 run(s), 1 hit(s), 1 error(s), 1 left on base; Riverside 6 - Casper 2 |
TOP OF THE 6TH |
Riverside Red Bulls batting - Pitching for Casper Ghosts : LHP Ron Huggins
|
Batting: RHB Luis Flores
|
0-0: Ball 1-0: Ball 2-0: Swinging Strike 2-1: Ball 3-1: Foul Ball, location: 2F 3-2: Ground out 1-3 (Groundball, 13S)
|
Batting: RHB Glenn Broadwater
|
0-0: Foul Ball, location: 2F 0-1: Foul Ball, location: 2F 0-2: SOLO HOME RUN (Flyball, 78XD), Distance : 438 ft
|
Pitching: RHP Ray Adams
|
|
Batting: LHB William Wolf
|
0-0: SINGLE (Line Drive, 78S)
|
Batting: RHB Luis Bustamante
|
0-0: Ball 1-0: Foul Ball, location: 2F 1-1: Swinging Strike 1-2: Ball 2-2: Ball 3-2: Foul Ball, location: 2F 3-2: Fly out, F4 (Line Drive, 4M) Lined into DP, 4-3 (Line Drive, 4M)
|
Top of the 6th over - 1 run(s), 2 hit(s), 0 error(s), 0 left on base; Riverside 7 - Casper 2 |
BOTTOM OF THE 6TH |
Casper Ghosts batting - Pitching for Riverside Red Bulls : RHP Shawn Montoya
|
Batting: RHB Juan García
|
0-0: Ball 1-0: Swinging Strike 1-1: Ball 2-1: Called Strike 2-2: Foul Ball, location: 2F 2-2: Strikes out looking
|
Batting: RHB Troy Reed
|
0-0: Ball 1-0: Fly out, F3 (Line Drive, 34)
|
Batting: RHB Robert Acosta
|
0-0: Ball 1-0: SINGLE (Groundball, 34D)
|
Batting: RHB Mark Arnold
|
0-0: Called Strike 0-1: Ball 1-1: Ball 2-1: Ball 3-1: Base on Balls Robert Acosta to second
|
Batting: RHB Aurelio Cruz
|
0-0: Hit by Pitch Robert Acosta to third Mark Arnold to second
|
Batting: RHB Hunter Plunket
|
0-0: Called Strike 0-1: Called Strike 0-2: Ball 1-2: Foul Ball, location: 2F 1-2: Ball 2-2: Ball 3-2: Strikes out looking
|
Bottom of the 6th over - 0 run(s), 1 hit(s), 0 error(s), 3 left on base; Riverside 7 - Casper 2 |
TOP OF THE 7TH |
Riverside Red Bulls batting - Pitching for Casper Ghosts : RHP Ray Adams
|
Batting: LHB José Arce
|
0-0: Foul Ball, location: 2F 0-1: Called Strike 0-2: Foul Ball, location: 2F 0-2: Strikes out swinging
|
Batting: RHB Adam Davis
|
0-0: Called Strike 0-1: Foul Ball, location: 2F 0-2: Strikes out swinging
|
Batting: RHB Fernando Bórquez
|
0-0: Ball 1-0: Ball 2-0: Called Strike 2-1: Ground out 5-3 (Groundball, 56S)
|
Top of the 7th over - 0 run(s), 0 hit(s), 0 error(s), 0 left on base; Riverside 7 - Casper 2 |
BOTTOM OF THE 7TH |
Casper Ghosts batting - Pitching for Riverside Red Bulls : RHP Shawn Montoya
|
Pitching: LHP Pepe Gómez
|
|
Batting: SHB Ricardo Arévalo
|
0-0: Called Strike 0-1: Ball 1-1: Called Strike 1-2: Strikes out swinging
|
Batting: RHB Júlio Sánchez
|
0-0: Ground out 5-3 (Groundball, 5L)
|
Batting: SHB Dave Henley
|
0-0: Called Strike 0-1: Called Strike 0-2: Ball 1-2: Strikes out swinging
|
Bottom of the 7th over - 0 run(s), 0 hit(s), 0 error(s), 0 left on base; Riverside 7 - Casper 2 |
TOP OF THE 8TH |
Riverside Red Bulls batting - Pitching for Casper Ghosts : RHP Ray Adams
|
Batting: RHB Lakota O'Reilly
|
0-0: Ball 1-0: Ball 2-0: Fly out, F9 (Flyball, 9LMF)
|
Batting: RHB Brandon Pope
|
0-0: Called Strike 0-1: Called Strike 0-2: Ball 1-2: Foul Ball, location: 2F 1-2: Ball 2-2: Foul Ball, location: 2F 2-2: Foul Ball, location: 2F 2-2: Foul Ball, location: 2F 2-2: Ball 3-2: Foul Ball, location: 2F 3-2: SINGLE (Line Drive, 9S)
|
Batting: RHB Luis Flores
|
0-0: Ball 1-0: Ball 2-0: Grounds into double play, 5-4-3 (Groundball, 5)
|
Top of the 8th over - 0 run(s), 1 hit(s), 0 error(s), 0 left on base; Riverside 7 - Casper 2 |
BOTTOM OF THE 8TH |
Casper Ghosts batting - Pitching for Riverside Red Bulls : LHP Pepe Gómez
|
Batting: RHB Juan García
|
0-0: Ball 1-0: Ball 2-0: Foul Ball, location: 2F 2-1: Foul Ball, location: 2F 2-2: Ball 3-2: Strikes out swinging
|
Batting: RHB Troy Reed
|
0-0: Ball 1-0: Called Strike 1-1: Foul Ball, location: 2F 1-2: Ball 2-2: Ground out 1-3 (Groundball, 13)
|
Batting: RHB Robert Acosta
|
0-0: Fly out, F8 (Flyball, 8LM)
|
Bottom of the 8th over - 0 run(s), 0 hit(s), 0 error(s), 0 left on base; Riverside 7 - Casper 2 |
TOP OF THE 9TH |
Riverside Red Bulls batting - Pitching for Casper Ghosts : RHP Ray Adams
|
Batting: RHB Glenn Broadwater
|
0-0: Called Strike 0-1: Swinging Strike 0-2: Ball 1-2: Ball 2-2: Ball 3-2: SINGLE (Groundball, 56D)
|
Batting: LHB William Wolf
|
0-0: Foul Ball, location: 2F 0-1: Foul Ball, location: 2F 0-2: Ball 1-2: Foul Ball, location: 2F 1-2: Strikes out swinging
|
Batting: RHB Luis Bustamante
|
0-0: Ball 1-0: Ball 2-0: Foul Ball, location: 2F 2-1: Swinging Strike 2-2: Ball 3-2: Strikes out swinging
|
Batting: LHB José Arce
|
0-0: Called Strike 0-1: Ball 1-1: Called Strike 1-2: Ball 2-2: Ball 3-2: Foul Ball, location: 2F 3-2: Strikes out looking
|
Top of the 9th over - 0 run(s), 1 hit(s), 0 error(s), 1 left on base; Riverside 7 - Casper 2 |
BOTTOM OF THE 9TH |
Casper Ghosts batting - Pitching for Riverside Red Bulls : LHP Pepe Gómez
|
Batting: RHB Mark Arnold
|
0-0: Ball 1-0: Called Strike 1-1: Ball 2-1: Ground out 5-3 (Groundball, 5L)
|
Batting: RHB Aurelio Cruz
|
0-0: Called Strike 0-1: Fly out, F9 (Flyball, 9LS)
|
Batting: RHB Hunter Plunket
|
0-0: Called Strike 0-1: Ground out 5-3 (Groundball, 56S)
|
Bottom of the 9th over - 0 run(s), 0 hit(s), 0 error(s), 0 left on base; Riverside 7 - Casper 2 |
|